 Dungeon Crawl Stone Soup version 0.30-a0-782-ge64f9170bb (webtiles) character file.

Game seed: 12886823303149200596

66 browni3141 the Shooter (level 4, 0/26 HPs)
             Began as a Kobold Hexslinger on Feb 19, 2023.
             Slain by an ufetubus (4 damage)
             ... on level 4 of the Dungeon.
             The game lasted 00:02:01 (1263 turns).

browni3141 the Shooter (Kobold Hexslinger)          Turns: 1263, Time: 00:02:02

Health: 0/26       AC:  2    Str:  7    XL:     4   Next: 37%
Magic:  6/6        EV: 15    Int: 14    God:
Gold:   68         SH:  0    Dex: 17    Spells: 5/6 levels left

rFire   . . .      SeeInvis .    g - +0 arbalest
rCold   . . .      Faith    .    (shield currently unavailable)
rNeg    . . .      Spirit   .    c - +0 robe
rPois   .          Reflect  .    (no helmet)
rElec   .          Harm     .    (no cloak)
rCorr   .          Rampage  .    (no gloves)
Will    .....                    (no boots)
Stlth   +++                      (no amulet)
HPRegen 0.24/turn                (no ring)
MPRegen 0.10/turn                (no ring)

@: no status effects
A: small, no large weapons, nightstalker 3
a: no special abilities


You were on level 4 of the Dungeon.
You visited 1 branch of the dungeon, and saw 4 of its levels.

You collected 68 gold pieces.

Inventory:

Hand Weapons
 a - a +1 sling
 g - a +0 arbalest (weapon)
Armour
 c - a +0 robe (worn)
Wands
 j - a wand of acid (9)
Scrolls
 b - 2 scrolls of poison
 e - 4 scrolls of identify {unknown}
 h - a scroll of noise {unknown}
Potions
 d - 4 potions of curing {unknown}
 f - 3 potions of flight {unknown}
 i - 2 potions of magic {unknown}


   Skills:
 + Level 2.0 Fighting
 * Level 3.6 Ranged Weapons
 + Level 3.1 Dodging
 * Level 1.4 Stealth
 - Level 1.7 Spellcasting
 - Level 3.3 Hexes


You had 5 spell levels left.
You knew the following spells:

 Your Spells              Type           Power      Damage    Failure   Level
a - Slow                  Hex            40%        N/A       6%          1

Your spell library contained the following spells:

 Spells                   Type           Power      Damage    Failure   Level
 Inner Flame              Hex/Fire       5%         N/A       36%         3
 Portal Projectile        Hex/Tloc       10%        N/A       36%         3
 Cause Fear               Hex            5%         N/A       54%         4


Dungeon Overview and Level Annotations

Branches:
Dungeon (4/15)
 Temple: D:4-7

Altars:


Innate Abilities, Weirdness & Mutations

You are small and have problems with some larger weapons.
You are completely attuned to the shadows.


Message History

The bolt hits the ufetubus but does no damage.
A scorpion comes into view.
You shoot a bolt. The bolt barely misses the ufetubus.
The ufetubus closely misses you. x4
Aiming: Corrosive Bolt
Press: ? - help, Shift-Dir - straight line, f/p - ufetubus
Aim: an ufetubus (53% to hit)
The bolt of acid misses the ufetubus.
The bolt of acid hits the scorpion!
The scorpion is almost dead.
The ufetubus hits you but does no damage.
The ufetubus barely misses you. The ufetubus hits you. x2
You shoot a bolt. The bolt closely misses the scorpion.
The ufetubus closely misses you. The ufetubus hits you.
The scorpion misses you. The ufetubus barely misses you. The ufetubus hits you.
The scorpion misses you.
You shoot a bolt. The bolt barely misses the scorpion.
The ufetubus barely misses you. The ufetubus closely misses you.
The ufetubus hits you but does no damage.
The ufetubus closely misses you. The scorpion closely misses you.
The ufetubus hits you but does no damage.
The ufetubus barely misses you. The scorpion misses you.
You shoot a bolt. The bolt closely misses the scorpion.
The ufetubus hits you. The ufetubus closely misses you.
The scorpion stings you. The ufetubus barely misses you.
The ufetubus closely misses you. The scorpion closely misses you.
Press: ? - help, v - describe, . - travel
Here: a scorpion (almost dead)
The floor.
Unknown command.
You are too injured to fight recklessly!
Fire: g) +0 arbalest
Press: ? - help, Q - select action, (/) - cycle Shift-Dir - straight line, f/p - scorpion
Aim: a scorpion (almost dead, 56% to hit)
You shoot a bolt. The bolt closely misses the scorpion.
The ufetubus closely misses you. The ufetubus hits you.
The scorpion stings you.
* * * LOW HITPOINT WARNING * * *
The ufetubus barely misses you. The ufetubus completely misses you.
The scorpion barely misses you. The ufetubus hits you.
You die...

# # # ###
## ##..
#.## ##...
....##
#...#
...s.##
#...#
...5@.##
#...#
.......##
#..##
........#
##.##
........##
####
.........#
#
........##
#
........#
# .......#
###
......###
###..


You could see a scorpion and an ufetubus.

Vanquished Creatures
  2 adders
  A dart slug (D:3)
  2 orcs (D:3)
  5 ball pythons
  3 endoplasms
  3 giant cockroaches
  4 hobgoblins
  3 quokkas (D:1)
  6 bats
  3 frilled lizards
  6 goblins
  3 kobolds (D:1)
  2 rats
43 creatures vanquished.

Notes
Turn   | Place    | Note
-------+----------+-------------------------------------------
     0 | D:1      | browni3141 the Kobold Hexslinger began the quest for the
                  | Orb.
     0 | D:1      | Reached XP level 1. HP: 12/12 MP: 2/2
   129 | D:1      | Reached XP level 2. HP: 4/16 MP: 0/3
   354 | D:1      | Reached XP level 3. HP: 17/20 MP: 5/5
   973 | D:3      | Reached XP level 4. HP: 21/26 MP: 6/6
  1000 | D:3      | Reached skill level 1 in Stealth
  1257 | D:4      | Noticed a scorpion
  1263 | D:4      | Slain by an ufetubus

Illustrated notes

Levels and vault maps discovered:
D:1:      dpeg_arrival_boxes_within_box, layout_rooms, hangedman_decor_slide_cut
D:2:      layout_rooms, basic_ecumenical_altar
D:3:      layout_basic, gammafunk_temple_overflow_elements, serial_shops, shop
D:4:      layout_cave_pods, nemelex_xobeh_ov_fountains_minmay,
          gammafunk_ghost_necromancy, minmay_misc_feat_encased

Skill      XL: |  1  2  3  4 |
---------------+-------------+-----
Ranged Weapons | 3 |  3.6
Dodging        | 3 |  3.1
Stealth        | 1 |  1.4
Fighting       | 2 |  2.0
Spellcasting   | |  1.7
Hexes          | |  3.3

Action                     |  1- 3 |  4- 6 || total
---------------------------+-------+-------++-------
   Fire: Sling             |    72 |       ||    72
         Arbalest          |    39 |    16 ||    55
   Cast: Slow              |     4 |       ||     4
  Evoke: Wand              |       |     1 ||     1
 Armour: Robe              |     9 |     3 ||    12
  Dodge: Dodged            |    97 |    29 ||   126

Table legend: (Time is in decaauts)
 A = Elapsed time spent in this place.
 B = Non-inter-level travel time spent in this place.
 C = Inter-level travel time spent in this place.
 D = Time resting spent in this place.
 E = Time spent auto-exploring this place.
 F = Levels seen in this place.
 G = Mean time per level.
                   A        B        C        D        E       F      G
               +--------+--------+--------+--------+--------+-----+--------+
         Total |   1319 |   1288 |     31 |      0 |    998 |   4 |  329.8 |
       Dungeon |   1319 |   1288 |     31 |      0 |    998 |   4 |  329.8 |
               +--------+--------+--------+--------+--------+-----+--------+

Top non-repeatable levels by time:
     D:1: 736 daAuts
     D:3: 258 daAuts
     D:4: 255 daAuts
     D:2: 69 daAuts
